 Dungeon Crawl Stone Soup version 0.18.1-50-g88ac8fd (webtiles) character file.

117 varam the Covert (level 4, 21/21 HPs)
             Began as a Spriggan Enchanter on Oct 21, 2016.
             Was a Follower of Cheibriados.
             Quit the game on level 2 of the Dungeon.
             The game lasted 00:03:32 (1374 turns).

varam the Covert (Spriggan Enchanter)               Turns: 1374, Time: 00:03:33

Health: 21/21      AC:  3    Str:  6    XL:     4   Next: 71%
Magic:  9/9        EV: 18    Int: 19    God:    Cheibriados [*.....]
Gold:   54         SH:  0    Dex: 18    Spells: 3 memorised, 2 levels left

rFire  . . .     SeeInvis +     a - +1 dagger
rCold  . . .     Gourm    .     b - +1 robe
rNeg   . . .     Faith    .     (shield restricted)
rPois  .         Spirit   .     (helmet restricted)
rElec  .         Dismiss  .     (no cloak)
rCorr  .         Reflect  .     (gloves unavailable)
SustAt .         Harm     .     (boots unavailable)
MR     .....                    (no amulet)
Stlth  +++++.....               (no ring)
                                (no ring)

@: not resistant to hostile enchantments, quite stealthy
A: unfitting armour, see invisible, herbivore 3, speed 3, slow metabolism 2
a: Bend Time, Renounce Religion


You were on level 2 of the Dungeon.
You worshipped Cheibriados.
Cheibriados was aware of your devotion.
You were not hungry.

You visited 1 branch of the dungeon, and saw 4 of its levels.

You collected 54 gold pieces.

Inventory:

Hand Weapons
 a - a +1 dagger (weapon)
Armour
 b - a +1 robe (worn)
Scrolls
 f - 2 scrolls of identify {unknown}
 h - a scroll of immolation {unknown}
 j - a scroll of enchant armour {unknown}
Potions
 e - a potion of degeneration {unknown}
 g - a potion of magic {unknown}
 i - a potion of heal wounds {unknown}
 k - a potion of flight {unknown}
Books
 c - a book of Maledictions

   Spells                             Type                      Level
   a - Corona                         Hexes                        1
   b - Ensorcelled Hibernation        Hexes/Ice                    2
   c - Confuse                        Hexes                        3
   d - Tukima's Dance                 Hexes                        3
   e - Dazzling Spray                 Conjuration/Hexes            3
Comestibles
 d - 3 bread rations


   Skills:
 - Level 1.1 Short Blades
 - Level 3.0 Dodging
 + Level 8.5 Stealth
 - Level 2.6 Spellcasting
 - Level 3.6 Hexes


You had 2 spell levels left.
You knew the following spells:

 Your Spells              Type           Power        Failure   Level  Hunger
a - Ensorcelled Hibernat  Hex/Ice        #.....       14%         2    ##.....
b - Corona                Hex            ###....      4%          1    None
c - Confuse               Hex            ###.....     12%         3    ###....


Dungeon Overview and Level Annotations

Branches:
Dungeon (4/15)
 Temple: D:4-7

Altars:
Cheibriados


Innate Abilities, Weirdness & Mutations

You are tiny and cannot use many weapons and most armour.
You have supernaturally acute eyesight.
You are a herbivore.
You cover ground extremely quickly.
You need consume almost no food.


Message History

The hobgoblin hits you but does no damage.
You hit the hobgoblin but do no damage.
The hobgoblin is moderately wounded.
You hit the hobgoblin.
You kill the hobgoblin!
You start resting.
HP restored.
You start resting.
Magic restored.
You start waiting.
Done waiting.
There is a faded altar to an unknown god here.
This altar will convert you to a god.
You cannot discern which.
Do you pray? Cheibriados accepts your prayer! Cheibriados welcomes you!
Cheibriados begins to support your attributes as your movement slows. x2
You can now bend time to slow others.
Cheibriados slows and strengthens your metabolism.
Cheibriados raises the support of your attributes as your movement slows.
Are you sure you want to abandon this character and quit the game? (Confirm with "yes".)

###### ###....#
#......# #..#...#
##########.#@#..#
.......<.#..#...#
########.#......##
############.##..###.##
....?........##.##
##.## ###.########...##
##.# # #.# #.......##
##)## # #.#
#........###.## # #r#
#.......#.#.##


There were no monsters in sight!

Vanquished Creatures
  Ijyb (D:2)
  5 adders
  2 worms (D:2)
  A dart slug (D:3)
  2 orcs (D:3)
  3 bats
  A giant cockroach (D:3)
  2 goblins (D:1)
  3 hobgoblins
  2 jackals (D:1)
  9 kobolds
  A quokka (D:3)
  4 giant newts (D:1)
  A rat (D:3)
37 creatures vanquished.

Vanquished Creatures (others)
  An orc priest (D:4)
  2 worker ants (D:4)
  A worm (D:4)
  An orc (D:4)
5 creatures vanquished.

Grand Total: 42 creatures vanquished

Notes
Turn   | Place    | Note
--------------------------------------------------------------
     0 | D:1      | varam the Spriggan Enchanter began the quest for the Orb.
     0 | D:1      | Reached XP level 1. HP: 9/9 MP: 5/5
   110 | D:1      | Reached skill level 5 in Stealth
   122 | D:1      | Reached XP level 2. HP: 13/13 MP: 6/6
   221 | D:1      | Learned a level 2 spell: Ensorcelled Hibernation
   257 | D:2      | Reached skill level 6 in Stealth
   563 | D:2      | Found a faded altar to an unknown god.
   600 | D:2      | You fall through a shaft!
   622 | D:3      | Reached XP level 3. HP: 13/16 MP: 6/8
   627 | D:3      | Learned a level 3 spell: Confuse
   764 | D:3      | Reached skill level 7 in Stealth
  1012 | D:2      | Noticed Ijyb
  1018 | D:2      | Killed Ijyb
  1018 | D:2      | Reached XP level 4. HP: 21/21 MP: 4/9
  1041 | D:2      | Reached skill level 8 in Stealth
  1374 | D:2      | Became a worshipper of Cheibriados the Contemplative
  1374 | D:2      | Reached * piety under Cheibriados
  1374 | D:2      | Quit the game

Skill      XL: |  1  2  3  4 |
---------------+-------------+-----
Stealth        | 5 6 7 8 |  8.5
Short Blades   | |  1.1
Dodging        | |  3.0
Spellcasting   | |  2.6
Hexes          | |  3.6

Action                   |  1- 3 |  4- 6 || total
-------------------------+-------+-------++-------
Melee: Dagger            |    66 |    23 ||    89
 Cast: Corona            |     8 |     1 ||     9
       Ensorcelled Hiber |    10 |     5 ||    15
       Confuse           |       |     1 ||     1
 Stab: Sleeping          |    21 |     4 ||    25
       Distracted        |     1 |       ||     1
Armor: Robe              |     3 |     5 ||     8
Dodge: Dodged            |    40 |    17 ||    57
